AoeStats
← CanineSphinx22

Lombardia

509596517Analyzed
4v4 RM · 3d ago on Sep 27, 2026· 84m 14s· 8 players
Game mode
Random Map
Map size
Large (8 player)
Population
200
Speed
Normal
Resources
Standard
Victory
Conquest
Starting age
Dark Age
Ending age
Imperial Age
RankedLock teamsTeams togetherTeam positionsShared explorationLock speedFull tech treeHidden civsTurbo modeCheats
Victory
Defeat
🇺🇸 Turks · United States
869
+10
🇨🇳 Franks · China
719
+16
🇹🇷 Huns · Türkiye
664
+19
🇧🇷 Persians · Brazil
645
+20
🇹🇷 Franks · Türkiye
748
-17
🇫🇷 Bohemians · France
740
-17
🇿🇦 Vietnamese · South Africa
715
-16
🇸🇪 Khmer · Sweden
693
-15
CanineSphinx22
0:32 Loom
12:12 Feudal Age
13:08 Horse Collar
13:51 Double-Bit Axe
22:12 Castle Age
22:56 Caravan
23:32 Bow Saw
23:25 Heavy Plow
27:33 Scale Mail Armor
27:43 Forging
27:24 Fletching
27:34 Padded Archer Armor
30:29 Chemistry
30:18 Ballistics
30:09 Masonry
30:00 Murder Holes
34:30 Imperial Age
32:28 Pikeman
36:41 Wheelbarrow
36:41 Conscription
36:58 Architecture
37:01 Halberdier
38:37 Elite Hussite Wagon
40:59 Hand Cart
40:29 Town Watch
41:18 Squires
41:37 Chain Mail Armor
41:58 Iron Casting
41:20 Bodkin Arrow
42:13 Houfnice
46:52 Town Patrol
47:03 Siege Engineers
48:02 Blast Furnace
47:03 Bracer
47:33 Plate Mail Armor
47:19 Leather Archer Armor
80AŞKÖMER
AmBa /
0:33 Loom
14:46 Feudal Age
21:49 Castle Age
20:11 Double-Bit Axe
20:10 Horse Collar
20:23 Stone Mining
23:03 Caravan
27:20 Bloodlines
26:31 Light Cavalry
31:47 Imperial Age
30:42 Wheelbarrow
31:04 Bow Saw
31:18 Heavy Plow
32:28 Town Watch
33:26 Capped Ram
34:16 Heated Shot
35:28 Chemistry
35:29 Crop Rotation
37:02 Gold Mining
39:12 Hand Cart
40:14 Town Patrol
40:58 Hussar
43:09 Siege Ram
43:31 Pikeman
43:39 Cavalier
44:23 Husbandry
45:18 Sanctity
46:26 Elite Ballista Elephant
HHH2323
2:03 Loom
12:32 Feudal Age
19:58 Castle Age
19:07 Padded Archer Armor
20:08 Fletching
21:15 Crossbowman
24:18 Ballistics
33:33 Leather Archer Armor
33:29 Double-Bit Axe
35:22 Caravan
36:27 Scale Barding Armor
37:31 Thumb Ring
41:39 Imperial Age
41:36 Bow Saw
41:28 Horse Collar
42:04 Bodkin Arrow
42:30 Chain Barding Armor
44:41 Two-Man Saw
44:29 Heavy Cavalry Archer
44:35 Heavy Cavalry Archer
44:38 Elite Skirmisher
45:53 Ring Archer Armor
45:23 Bracer
45:59 Plate Barding Armor
46:28 Chemistry
45:39 Fortified Wall
45:24 Murder Holes
46:47 Wheelbarrow
45:58 Town Watch
47:30 Bombard Tower
47:18 Scale Mail Armor
47:29 Forging
48:09 Heavy Plow
48:05 Heated Shot
50:14 Chain Mail Armor
50:35 Iron Casting
49:29 Elite Battle Elephant
51:16 Crop Rotation
50:39 Guard Tower
50:30 Treadmill Crane
51:27 Husbandry
56:18 Bloodlines
58:49 Imperial Skirmisher
62:59 Pikeman
63:40 Squires
63:26 Arson
65:08 Light Cavalry
66:10 Cavalier
70:40 Halberdier
72:32 Elite Fire Lancer
Hitman88
3:24 Loom
13:22 Feudal Age
20:01 Castle Age
19:35 Double-Bit Axe
22:30 Stone Mining
22:44 Gold Mining
24:25 Gold Shaft Mining
32:44 Bow Saw
33:02 Treadmill Crane
33:43 Ballistics
36:33 Imperial Age
34:47 Caravan
38:06 Artillery
37:30 Elite Janissary
38:31 Conscription
43:11 Heavy Camel Rider
77:06 Spies/Treason
4
0:32 Loom
12:41 Feudal Age
13:36 Double-Bit Axe
13:32 Horse Collar
13:45 Stone Mining
13:46 Gold Mining
21:47 Forging
21:44 Scale Barding Armor
25:47 Castle Age
26:50 Squires
26:35 Arson
31:05 Gold Shaft Mining
31:11 Bow Saw
32:48 Caravan
32:15 Pikeman
33:06 Heavy Plow
35:45 Iron Casting
35:32 Chain Barding Armor
37:23 Ballistics
38:47 Scale Mail Armor
39:35 Wheelbarrow
41:45 Imperial Age
39:27 Marauders
40:30 Husbandry
41:09 Bloodlines
42:09 Chain Mail Armor
42:37 Hand Cart
43:43 Two-Man Saw
43:35 Plate Barding Armor
44:07 Blast Furnace
43:40 Halberdier
44:44 Guilds
46:06 Chemistry
44:59 Light Cavalry
47:19 Hussar
50:38 Elite Tarkan
51:39 Conscription
55:54 Atheism
Zhukov
1:10 Loom
14:29 Feudal Age
18:46 Castle Age
17:40 Horse Collar
17:49 Double-Bit Axe
23:13 Bow Saw
23:35 Caravan
26:08 Heavy Plow
27:09 Wheelbarrow
26:34 Town Watch
28:28 Kamandaran
29:10 Coinage
36:35 Imperial Age
36:09 Hand Cart
35:55 Town Patrol
36:33 Husbandry
37:10 Scale Barding Armor
37:05 Scale Mail Armor
37:16 Forging
36:57 Fletching
37:07 Padded Archer Armor
37:42 Crop Rotation
38:16 Two-Man Saw
37:28 Stone Mining
37:28 Gold Mining
37:05 Cavalier
38:04 Citadels
39:06 Crossbowman
39:52 Thumb Ring
40:28 Iron Casting
40:09 Chain Mail Armor
40:15 Chain Barding Armor
39:51 Bodkin Arrow
39:35 Savar
40:55 Hoardings
39:51 Sappers
40:42 Conscription
42:00 Banking
41:40 Guilds
42:20 Gold Shaft Mining
42:21 Stone Shaft Mining
43:16 Blast Furnace
42:32 Leather Archer Armor
49:42 Plate Mail Armor
49:48 Plate Barding Armor
49:44 Ring Archer Armor
62:48 Elite War Elephant
69:39 Fervor
69:45 Block Printing
69:31 Devotion
70:06 Theocracy
69:27 Herbal Medicine
70:43 Ballistics
71:24 Chemistry
70:15 Heated Shot
70:16 Guard Tower
70:22 Murder Holes
70:37 Masonry
80:21 Faith
80:34 Architecture
80:15 Careening
80:16 Clinker Construction
80:12 Siphons
79:37 Heavy Camel Rider
79:38 Light Cavalry
80:28 Bloodlines
79:43 Elite Skirmisher
80:31 Spies/Treason
83:49 Heavy Cavalry Archer
84:02 Pikeman
84:43 Squires
84:28 Arson
84:04 Man-at-Arms
84:30 Gambesons
噢啦哦了丶
8:39 Loom
10:59 Feudal Age
12:12 Double-Bit Axe
20:44 Castle Age
20:29 Scale Barding Armor
20:39 Forging
20:44 Gold Mining
23:26 Bow Saw
30:19 Wheelbarrow
29:53 Husbandry
31:42 Gold Shaft Mining
31:01 Stone Mining
32:58 Hand Cart
34:53 Caravan
36:06 Chain Barding Armor
36:22 Iron Casting
38:23 Imperial Age
38:30 Cavalier
39:47 Capped Ram
41:22 Paladin
42:49 Elite Throwing Axeman
46:53 Blast Furnace
46:29 Plate Barding Armor
45:59 Scale Mail Armor
49:37 Town Watch
50:13 Chain Mail Armor
51:57 Plate Mail Armor
65:32 Gambesons
65:48 Squires
65:34 Arson
76:07 Ballistics
83:26 Fletching
83:37 Padded Archer Armor
84:42 Chemistry
83:55 Masonry
83:58 Fortified Wall
Connection lost

Rejoining the realm…

Still unreachable

The connection could not be restored.

Session expired

The server has moved on; the page needs a fresh start.